 Dungeon Crawl Stone Soup version 0.29-a0-837-g174bc33265 (webtiles) character file.

Game seed: 2598729470634502415

77 CryoSword the Digger (level 4, -5/24 HPs)
             Began as a Gargoyle Earth Elementalist on July 13, 2022.
             Slain by a gnoll
             ... wielding a +0 spear
              (6 damage)
             ... on level 2 of the Dungeon.
             The game lasted 00:03:24 (1741 turns).

CryoSword the Digger (Gargoyle Earth Elementalist)  Turns: 1741, Time: 00:03:25

Health: -5/24      AC:  6    Str: 11    XL:     4   Next: 33%
Magic:  0/7        EV: 12    Int: 18    God:
Gold:   50         SH:  0    Dex: 14    Spells: 1/7 levels left

rFire   . . .      SeeInvis .   f - +0 club
rCold   . . .      Faith    .   (no shield)
rNeg    + . .      Spirit   .   a - +1 robe
rPois   ∞          Reflect  .   (no helmet)
rElec   +          Harm     .   (no cloak)
rCorr   .          Rampage  .   (no gloves)
Will    .....                   (no boots)
Stlth   ++........              (no amulet)
HPRegen 0.08/turn               i - +6 ring of dexterity
MPRegen 0.10/turn               (no ring)

@: no status effects
A: sickness immunity, AC +3, negative energy resistance 1, electricity
resistance, torment resistance 1, petrification resistance, clumsy 1
a: no special abilities


You were on level 2 of the Dungeon.
You visited 1 branch of the dungeon, and saw 2 of its levels.

You collected 50 gold pieces.

Inventory:

Hand Weapons
 f - a +0 club (weapon)
   (You took it off a goblin on level 1 of the Dungeon)
Armour
 a - a +1 robe (worn)
Jewellery
 i - a +6 ring of dexterity (left hand)
   (You found it on level 2 of the Dungeon)
Wands
 h - a wand of mindburst (8)
   (You found it on level 2 of the Dungeon)
Scrolls
 g - a scroll of enchant weapon {unknown}
Potions
 b - a potion of magic
 e - a potion of mutation {!q}


   Skills:
 + Level 1.4 Maces & Flails
 - Level 1.5 Dodging
 - Level 2.1 Stealth
 - Level 2.0 Spellcasting
 + Level 2.2 Conjurations
 - Level 0.7 Transmutations
 * Level 4.9 Earth Magic


You had one spell level left.
You knew the following spells:

 Your Spells              Type           Power      Damage    Failure   Level
a - Sandblast             Erth           38%        2d10      2%          1
b - Stone Arrow           Conj/Erth      28%        3d8       12%         3
P - Passwall              Tmut/Erth      9%         N/A       9%          2

Your spell library contained the following spells:

 Spells                   Type           Power      Damage    Failure   Level
 Dazzling Flash           Conj/Hex       10%        N/A       34%         3
 Petrify                  Tmut/Erth      11%        N/A       50%         4
 Agony                    Necr           1%         N/A       99%         5
 Silence                  Hex/Air        0%         N/A       99%         5


Dungeon Overview and Level Annotations

Branches:
Dungeon (2/15)

Altars:

Shops:
D:2 (


Innate Abilities, Weirdness & Mutations

You are immune to sickness and miasma.
Your stone body is resilient. (AC +3)
You are immune to poison.
You resist negative energy. (rN+)
You are resistant to electric shocks. (rElec)
You are resistant to unholy torment.
You are immune to petrification.
You are clumsy. (Dex -2)


Message History

The blast of sand hits the kobold.
You kill the kobold!
You can't see any susceptible monsters within range! (Use Z to cast anyway.) Unknown command.
Things that are here:
a +0 dagger; a kobold corpse
There is an entrance to Qanyista's Antique Weapon Emporium here.
As you read the scroll labelled OKU DITUACK, it crumbles to dust.
It is a scroll of enchant armour.
Your +0 robe glows green for a moment.
As you read the scroll labelled NUD GASOCSAMNI, it crumbles to dust.
It is a scroll of amnesia.
Really abort (and waste the scroll)?
Okay, then.
Memorise Passwall, consuming 2 spell levels and leaving 3?
You start memorising the spell.
You continue memorising. x2
You finish memorising.
Spell assigned to 'P'.
This spell is extremely dangerous to cast!
Memorise Stone Arrow, consuming 3 spell levels and leaving 0?
You start memorising the spell.
You continue memorising. x3
You finish memorising.
Spell assigned to 'b'.
Okay, then.
Found a short sword.
Could not explore, unopened door.
As you open the door, it creaks loudly!
There is an open door here.
You open the door.
There is an open door here.
There is an open door here.
There is an open door here.
A quokka comes into view.
A quokka is nearby!
A quokka is nearby!
Found a sling and 4 gold pieces.
The quokka closely misses you.
You barely miss the quokka. The quokka closely misses you.
Aim: a quokka (71% to hit)
The blast of sand misses the quokka.
The quokka twitches its whiskers.
The quokka bites you. The quokka barely misses you. x2
Aim: a quokka (71% to hit)
The blast of sand hits the quokka!
You kill the quokka!
Your Conjurations skill increases to level 2!
You see here a +0 sling.
You now have 13 gold pieces (gained 4).
Found a stone staircase leading down.
You see here a +0 sling.
A bat comes into view.
A bat is nearby!
Aim: a bat (asleep, 100% to hit)
The blast of sand hits the bat!
You kill the bat!
You now have 23 gold pieces (gained 10).
You now have 32 gold pieces (gained 9).
A goblin comes into view. It is wielding a +0 club.
A goblin is nearby!
A goblin is nearby!
Aim: a goblin, wielding a +0 club (74% to hit)
The blast of sand hits the goblin!
You kill the goblin!
You now have 50 gold pieces (gained 18).
Things that are here:
a +0 club; a goblin corpse
e - 2 bubbling golden potions (gained 1)
A quokka comes into view.
A quokka is nearby!
A quokka is nearby!
There is an open door here.
Aim: a quokka (71% to hit)
The blast of sand hits the quokka!
You kill the quokka!
Could not explore, unopened door.
Could not explore, unopened door.
You open the door.
Found a spear.
There is an open door here.
An adder comes into view.
Found a club.
An adder is nearby!
Aim: an adder (asleep, 100% to hit)
You miscast Sandblast.
You are very lightly contaminated with residual magic.
Nothing appears to happen.
Aim: an adder (66% to hit)
You miscast Sandblast.
Nothing appears to happen.
The adder misses you. The adder bites you.
Aim: an adder (66% to hit)
The blast of sand hits the adder.
The adder bites you but does no damage. The adder closely misses you.
The adder bites you but does no damage.
Aim: an adder (heavily wounded, 66% to hit)
You miscast Sandblast.
Nothing appears to happen.
The adder barely misses you. x2
The adder bites you but does no damage.
Aim: an adder (heavily wounded, 66% to hit)
The blast of sand hits the adder.
You kill the adder!
Your magical contamination has completely faded away.
A bat comes into view.
A bat is nearby!
A bat is nearby!
Aim: a bat (asleep, 100% to hit)
The blast of sand hits the bat.
You kill the bat! 2 gnolls come into view.
There are monsters nearby!
There are monsters nearby!
The gnoll shouts!
A gnoll comes into view. It is wielding a +0 club.
A gnoll comes into view. It is wielding a +0 spear.
Aim: a gnoll, wielding a +0 club (82% to hit)
The blast of sand hits the gnoll.
The gnoll shouts! x2
Aim: a gnoll, wielding a +0 club (lightly wounded, 82% to hit)
The blast of sand hits the gnoll.
An endoplasm comes into view.
The gnoll hits you from afar with a +0 spear.
The endoplasm moves out of view.
Aim: a gnoll, wielding a +0 club (lightly wounded, 82% to hit)
The blast of sand hits the gnoll.
The gnoll completely misses you. The gnoll barely misses you.
The gnoll hits you but does no damage. The gnoll barely misses you.
A giant cockroach comes into view.
Aim: a gnoll, wielding a +0 club (lightly wounded, 82% to hit)
The blast of sand hits the gnoll!
You kill the gnoll!
The gnoll closely misses you. The gnoll hits you but does no damage.
The gnoll misses you.
You have reached level 4!
You feel clever. The gnoll attacks as you move away!
The gnoll hits you with a +0 club.
Aim: a gnoll, wielding a +0 club (lightly wounded, 82% to hit)
The blast of sand hits the gnoll!
The gnoll hits you with a +0 club. The gnoll closely misses you.
Aim: a gnoll, wielding a +0 club (lightly wounded, 82% to hit)
The blast of sand hits the gnoll!
You kill the gnoll!
The gnoll hits you with a +0 club.
Aim: a gnoll, wielding a +0 spear (82% to hit)
The blast of sand hits the gnoll.
The gnoll hits you from afar with a +0 spear.
* * * LOW HITPOINT WARNING * * *
The gnoll hits you with a +0 club.
* * * LOW HITPOINT WARNING * * *
The gnoll hits you with a +0 club.
* * * LOW HITPOINT WARNING * * *
The gnoll hits you but does no damage.
It was a potion of mutation.
You feel extremely strange.
You feel clumsy.
The gnoll hits you from afar with a +0 spear.
You die...

....# #.# ..### #.# .##
#.# .# #####.### .#
#.......### +##
#.........# ..##
#..##.#.#.# ...##
#..#..#.#.#
....####....##.#@#
.....#......##.#g######...
.....'..........Bg.B......
.....#†.....########g.....
....###.##)## ##..# ...##
#.#### # ..## #.# '## #)#
..# #.#


You could see 2 gnolls and a giant cockroach.

Vanquished Creatures
  2 gnolls (D:2)
  2 adders (D:2)
  3 ball pythons
  4 bats (D:2)
  An endoplasm (D:1)
  3 giant cockroaches (D:1)
  4 goblins
  4 hobgoblins (D:1)
  5 quokkas
  2 frilled lizards
  3 kobolds
  3 rats (D:1)
36 creatures vanquished.

Notes
Turn   | Place    | Note
-------+----------+-------------------------------------------
     0 | D:1      | CryoSword the Gargoyle Earth Elementalist began the quest
                  | for the Orb.
     0 | D:1      | Reached XP level 1. HP: 10/10 MP: 3/3
   188 | D:1      | Reached skill level 1 in Conjurations
   188 | D:1      | Reached XP level 2. HP: 15/15 MP: 1/5
   334 | D:1      | Reached skill level 4 in Earth Magic
  1022 | D:1      | Found a faded altar of an unknown god.
  1070 | D:2      | Reached XP level 3. HP: 18/19 MP: 1/6
  1300 | D:2      | Reached skill level 1 in Maces & Flails
  1342 | D:2      | Found Qanyista's Antique Weapon Emporium.
  1365 | D:2      | Learned a level 2 spell: Passwall
  1369 | D:2      | Learned a level 3 spell: Stone Arrow
  1735 | D:2      | Reached XP level 4. HP: 22/24 MP: 2/7
  1740 | D:2      | HP: 1/24 [gnoll/+0 club (4)]
  1741 | D:2      | Gained mutation: You are clumsy. (Dex -2) [potion of
                  | mutation]
  1741 | D:2      | Slain by a gnoll

Illustrated notes

Levels and vault maps discovered:
D:1:      dpeg_arrival_fog, layout_basic, shapermc_ecumenical_altar_pompeii
D:2:      layout_loops_corners, serial_shops, shop

Skill      XL: |  1  2  3 |
---------------+----------+-----
Conjurations   | 1 2 |  2.2
Earth Magic    | 4 |  4.9
Maces & Flails | 1 |  1.4
Dodging        | |  1.5
Stealth        | |  2.1
Spellcasting   | |  2.0
Transmutations | |  0.7

Action                   |  1- 3 |  4- 6 || total
-------------------------+-------+-------++-------
Melee: Club              |     1 |       ||     1
 Cast: Sandblast         |    55 |     3 ||    58
  Use: Scroll            |     2 |       ||     2
       Potion            |       |     1 ||     1
Armor: Robe              |    19 |     1 ||    20
Dodge: Dodged            |    30 |     1 ||    31

Table legend: (Time is in decaauts)
 A = Elapsed time spent in this place.
 B = Non-inter-level travel time spent in this place.
 C = Inter-level travel time spent in this place.
 D = Time resting spent in this place.
 E = Time spent auto-exploring this place.
 F = Levels seen in this place.
 G = Mean time per level.
                   A        B        C        D        E       F      G
               +--------+--------+--------+--------+--------+-----+--------+
         Total |   1804 |   1785 |     19 |      0 |   1486 |   2 |  902.0 |
       Dungeon |   1804 |   1785 |     19 |      0 |   1486 |   2 |  902.0 |
               +--------+--------+--------+--------+--------+-----+--------+

Top non-repeatable levels by time:
     D:1: 1078 daAuts
     D:2: 726 daAuts
